 Dungeon Crawl Stone Soup version 0.25.0-10-g039870ee82 (webtiles) character file.

Game seed: 3901150023129544273

29605 funkygono the Blocker (level 13, -5/119 HPs)
             Began as a Minotaur Fighter on June 23, 2020.
             Was a High Priest of Okawaru.
             Slain by an entropy weaver (12 damage)
             ... on level 5 of the Lair of Beasts.
             The game lasted 00:40:03 (17220 turns).

funkygono the Blocker (Minotaur Fighter)           Turns: 17220, Time: 00:40:05

Health: -5/119     AC: -29   Str: 30    XL:     13   Next: 16%
Magic:  15/15      EV:  9    Int:  5    God:    Okawaru [*****.]
Gold:   862        SH: 20    Dex: 10    Spells: 12/12 levels left

rFire    + + .     SeeInvis .   G - +9 mace of Blood {holy, *Drain rF++ MR+ Str+4}
rCold    . . .     Gourm    .   c - +1 kite shield
rNeg     . . .     Faith    .   H - +0 plate armour
rPois    .         Spirit   .   (helmet restricted)
rElec    .         Reflect  +   v - +1 cloak
rCorr    .         Harm     .   J - +1 pair of gloves
MR       +....                  o - +0 pair of boots
Stlth    ..........             t - amulet of reflection
HPRegen  0.29/turn              (no ring)
MPRegen  0.14/turn              (no ring)

@: lethally poisoned (-5 -> -10), corroded, berserk cooldown, slowed, very slow
A: retaliatory headbutt, horns 2
a: Heroism, Finesse, Renounce Religion


You were on level 5 of the Lair of Beasts.
You worshipped Okawaru.
Okawaru was extremely pleased with you.
You were not hungry.

You visited 3 branches of the dungeon, and saw 15 of its levels.
You also visited: Ossuary.

You collected 862 gold pieces.

Inventory:

Hand Weapons
 a - a +1 flail
 u - a +4 quarterstaff of chaos
 y - the +6 mace of funkygono's Terror {flame, MR+ Stlth+, unknown}
   (You found it on level 4 of the Lair of Beasts)

   It has been specially enchanted to burn those struck by it, causing extra
   injury to most foes and up to half again as much damage against particularly
   susceptible opponents.
   It affects your resistance to hostile enchantments.
   It makes you more stealthy.
 E - a +2 whip of freezing
 G - the +9 mace of Blood (weapon) {holy, *Drain rF++ MR+ Str+4}
   (You found it on level 1 of the Lair of Beasts)

   It has been blessed by the Shining One to cause great damage to the undead
   and demons.
   It affects your strength (+4).
   It greatly protects you from fire.
   It affects your resistance to hostile enchantments.
   It causes draining when unequipped.
Missiles
 l - 135 bolts
Armour
 b - a +0 scale mail
 c - a +1 kite shield (worn)
 n - a +0 robe of magic resistance
 o - a +0 pair of boots (worn)
 q - a +0 chain mail
 v - a +1 cloak (worn)
 H - a +0 plate armour (worn)
 J - a +1 pair of gloves (worn)
Jewellery
 t - an amulet of reflection (around neck)
Wands
 m - a wand of digging (5)
 C - a wand of acid (14)
 D - a wand of enslavement (16)
 F - a wand of flame (18)
 K - a wand of paralysis (10)
Scrolls
 d - 2 scrolls of magic mapping
 g - 4 scrolls of amnesia
 h - 11 scrolls of remove curse
 x - 6 scrolls of teleportation
 L - 3 scrolls of blinking
 N - a scroll of identify
Potions
 e - a potion of flight
 p - a potion of brilliance
 r - 6 potions of curing
 s - 3 potions of haste
 w - a potion of resistance {unknown}
 z - a potion of stabbing {unknown}
 A - a potion of invisibility
 B - 5 potions of mutation {unknown}
 I - 4 potions of lignification
 M - a potion of ambrosia {unknown}
Comestibles
 f - 14 rations


   Skills:
 * Level 12.9 Fighting
 - Level 12.0 Maces & Flails
 + Level 11.9 Armour
 + Level 4.0 Dodging
 + Level 0.5 Stealth
 + Level 14.5 Shields
 + Level 3.9 Invocations
 + Level 4.0 Evocations


You had 12 spell levels left.
You didn't know any spells.
Your spell library contained the following spells:

 Spells                   Type           Power        Failure   Level  Hunger
 Freeze                   Ice            #...         98%         1    ##.....
 Summon Butterflies       Summ           #.......     98%         1    ##.....
 Call Canine Familiar     Summ           #.......     100%        3    ####...
 Frozen Ramparts          Ice            #.....       100%        3    ####...
 Ozocubu's Armour         Chrm/Ice       #.......     100%        3    ####...
 Hailstorm                Conj/Ice       #.......     100%        4    #####..
 Summon Ice Beast         Ice/Summ       #.......     100%        4    #####..
 Summon Mana Viper        Hex/Summ       #.......     100%        5    ######.
 Summon Hydra             Summ           #.........   100%        7    #######


Dungeon Overview and Level Annotations

Branches:
Dungeon (9/15)             Temple (1/1) D:4            Lair (5/6) D:9
  Swamp (0/4) Lair:4       Spider (0/4) Lair:3          Orc (0/2) D:9
Ossuary (visited)
  Slime: Lair:5-6

Altars:
Ashenzari
Cheibriados
Dithmenos
Elyvilon
Fedhas
Gozag
Hepliaklqana
Kikubaaqudgha
Makhleb
Nemelex Xobeh
Okawaru
Qazlal
Ru
Sif Muna
Trog
Uskayaw
Vehumet
Wu Jian
Xom
Yredelemnul
Zin
The Shining One

Annotations:
Lair:2 2 transporters, Yneggeu's ghost, journeyman MiGl
Lair:4 3 runed translucent doors, Nyzic's ghost, journeyman TrMo


Innate Abilities, Weirdness & Mutations

You reflexively headbutt those who attack you in melee.
You have a pair of horns on your head.


Message History

You feel yourself slow down.
You feel sick.
You see here 2 atropa-tipped darts.
You closely miss the entropy weaver.
You feel like a meek peon again.
You feel sick. You block the entropy weaver's attack.
The entropy weaver hits you. The entropy weaver hits you! x2
* * * LOW HITPOINT WARNING * * *
You barely miss the entropy weaver.
Your headbutt misses the entropy weaver.
You feel sick.
You block the entropy weaver's attack. x2
The entropy weaver hits you.
* * * LOW HITPOINT WARNING * * *
The entropy weaver hits you.
* * * LOW HITPOINT WARNING * * *
The entropy weaver hits you.
* * * LOW HITPOINT WARNING * * *
The entropy weaver hits you!
* * * LOW HITPOINT WARNING * * *
The entropy weaver hits you!
You die...

... ... . .... ## .#
..... .##. ......#
#$...#. ##......#
..#....
#......#.#.†.....
#P.....##aa......
#......#@##...$## #
#.....#..# .!.#
#.#......#.# .##
#......#.## .# #.......#
.. ##...†.### # #......#
###.#..# ..## ##.....##
.#.#.#.#. ...#
#......####.#.#.#.##...#


You could see an entropy weaver and a worker ant.

Vanquished Creatures
  Rupert (Lair:4)
  A hydra (Lair:3)
  Erica (D:8)
  A catoblepas (Lair:2)
  Nergalle (Lair:4)
  Pikel (D:8)
  An oklob plant (Lair:2)
  4 elephants (Lair:4)
  2 black mambas
  6 spiny frogs
  Psyche (D:9)
  A rime drake (Lair:3)
  2 komodo dragons
  4 jumping spiders (Lair:3)
  A troll (D:9)
  6 hippogriffs
  2 polar bears
  Grinder (D:4)
  13 dream sheep
  4 redbacks (Lair:3)
  A wyvern (Lair:5)
  12 yaks
  A spriggan (Lair:4)
  A basilisk (Lair:4)
  4 vampire mosquitoes (Lair:4)
  3 soldier ants (Lair:5)
  10 water moccasins
  5 orc warriors
  A porcupine (Lair:2)
  4 ice beasts
  A slave (D:8)
  2 sky beasts
  3 black bears
  21 wolves
  6 ogres
  5 phantoms
  2 necrophages (D:5)
  4 centaurs
  2 big kobolds (D:8)
  14 crocodiles
  12 bullfrogs
  2 scorpions (D:8)
  5 electric eels
  4 howler monkeys
  4 crimson imps
  3 jellies
  9 hounds
  A quasit (D:7)
  7 orc priests
  A centaur zombie (Ossuary)
  3 centaur skeletons
  2 human zombies (Ossuary)
  A bullfrog skeleton (D:6)
  A gnoll shaman (D:5)
  Crazy Yiuf (D:4)
  Terence (D:2)
  7 orc wizards
  Natasha (thrice) (D:2)
  12 worker ants
  A big kobold zombie (Ossuary)
  A hound zombie (Ossuary)
  3 mummies (Ossuary)
  A worker ant zombie (D:6)
  12 gnolls
  9 adders
  A shadow imp (D:5)
  2 oozes
  2 adder skeletons
  3 adder zombies (Ossuary)
  2 worms
  5 dart slugs
  3 leopard geckos
  35 orcs
  11 giant cockroaches
  9 goblins
  8 hobgoblins
  An iguana (D:6)
  24 jackals
  19 kobolds
  5 quokkas
  A ball python (D:2)
  8 bats
  7 frilled lizards
  4 gnoll zombies (Ossuary)
  2 goblin zombies (Ossuary)
  6 hobgoblin zombies (Ossuary)
  A jackal skeleton (D:5)
  A jackal zombie (Ossuary)
  4 kobold zombies (Ossuary)
  A leopard gecko zombie (D:5)
  2 orc zombies (Ossuary)
  2 quokka zombies (Ossuary)
  13 rats
  5 rat zombies (Ossuary)
  3 plants
452 creatures vanquished.

Vanquished Creatures (collateral kills)
  A hippogriff (Lair:4)
  A yak (Lair:4)
  6 worker ants (Lair:5)
8 creatures vanquished.

Vanquished Creatures (others)
  An entropy weaver (Lair:5)
  A queen ant (Lair:5)
  A soldier ant (Lair:5)
  2 worker ants (Lair:5)
  2 fungi
  3 plants (Lair:4)
10 creatures vanquished.

Grand Total: 470 creatures vanquished

Notes
Turn   | Place    | Note
-------+----------+-------------------------------------------
     0 | D:1      | funkygono the Minotaur Fighter began the quest for the Orb.
     0 | D:1      | Reached XP level 1. HP: 19/19 MP: 0/0
   154 | D:1      | Reached XP level 2. HP: 27/27 MP: 1/1
   390 | D:1      | Reached skill level 4 in Shields
   438 | D:1      | Reached XP level 3. HP: 33/33 MP: 2/2
  1052 | D:2      | Noticed Natasha
  1058 | D:2      | Killed Natasha
  1058 | D:2      | Reached skill level 1 in Dodging
  1058 | D:2      | Reached XP level 4. HP: 35/40 MP: 3/3
  1071 | D:2      | Noticed Natasha
  1082 | D:2      | Killed Natasha
  1199 | D:2      | Noticed Terence
  1218 | D:2      | Killed Terence
  1221 | D:2      | Reached XP level 5. HP: 28/46 MP: 4/4
  1313 | D:2      | Noticed Natasha
  1321 | D:2      | Killed Natasha
  2100 | D:2      | Reached skill level 5 in Shields
  3172 | D:4      | Reached XP level 6. HP: 53/53 MP: 5/5
  3198 | D:4      | Noticed Grinder
  3224 | D:4      | Paralysed by Grinder for 4 turns
  3231 | D:4      | Paralysed by Grinder for 7 turns
  3247 | D:4      | Killed Grinder
  3247 | D:4      | Reached skill level 5 in Maces & Flails
  3247 | D:4      | Reached skill level 5 in Armour
  3528 | D:4      | Reached XP level 7. HP: 60/60 MP: 6/6
  3623 | D:4      | Reached skill level 6 in Shields
  3989 | D:4      | Found a staircase to the Ecumenical Temple.
  3995 | Temple   | Entered the Ecumenical Temple
  4010 | Temple   | Became a worshipper of Warmaster Okawaru
  4421 | D:4      | Found a runed translucent door.
  4422 | D:4      | Noticed Crazy Yiuf
  4430 | D:4      | Killed Crazy Yiuf
  4602 | D:5      | Entered Level 5 of the Dungeon
  4637 | D:5      | Reached XP level 8. HP: 47/67 MP: 7/7
  4654 | D:5      | Reached skill level 5 in Fighting
  4654 | D:5      | Reached skill level 7 in Shields
  4985 | D:5      | Found a sand-covered staircase.
  4994 | Ossuary  | Entered an ossuary
  5295 | Ossuary  | Reached * piety under Okawaru
  6172 | D:5      | Reached XP level 9. HP: 73/73 MP: 8/8
  6265 | D:5      | Reached ** piety under Okawaru
  6443 | D:5      | Found an ancient bone altar of Kikubaaqudgha.
  6447 | D:5      | Found a glowing golden altar of the Shining One.
  6454 | D:5      | Found a stormy altar of Qazlal.
  6493 | D:6      | Found a shattered altar of Ashenzari.
  6615 | D:6      | Found a shimmering altar of Xom.
  6725 | D:6      | Found a shimmering altar of Xom.
  6757 | D:6      | Found a snail-covered altar of Cheibriados.
  6966 | D:6      | Found a radiant altar of Vehumet.
  7231 | D:6      | Reached skill level 10 in Maces & Flails
  7273 | D:6      | Reached skill level 8 in Shields
  7277 | D:6      | Found a shadowy altar of Dithmenos.
  7283 | D:6      | Reached skill level 1 in Evocations
  7711 | D:7      | Reached *** piety under Okawaru
  8160 | D:8      | Found an opulent altar of Gozag.
  8316 | D:8      | Noticed Erica
  8344 | D:8      | Killed Erica
  8344 | D:8      | Reached XP level 10. HP: 29/82 MP: 6/9
  8739 | D:8      | Reached skill level 9 in Shields
  9062 | D:8      | Noticed Pikel
  9070 | D:8      | Reached **** piety under Okawaru
  9093 | D:8      | Killed Pikel
  9093 | D:8      | Reached skill level 1 in Invocations
  9126 | D:8      | Found an ancient bone altar of Kikubaaqudgha.
  9751 | D:9      | Noticed Psyche
  9760 | D:9      | Killed Psyche
  9760 | D:9      | Received a gift from Okawaru
  9818 | D:9      | Found a shattered altar of Ashenzari.
  9904 | D:9      | Found a white marble altar of Elyvilon.
 10402 | D:9      | Found a staircase to the Lair.
 10648 | D:9      | Reached skill level 10 in Shields
 10887 | D:9      | Reached XP level 11. HP: 32/95 MP: 11/11
 11160 | D:9      | Found a staircase to the Orcish Mines.
 11388 | Lair:1   | Entered Level 1 of the Lair of Beasts
 11710 | Lair:1   | Got a jewelled mace
 11711 | Lair:1   | Identified the +9 mace of Blood {holy, *Drain rF++ MR+
                  | Str+4} (You found it on level 1 of the Lair of Beasts)
 11766 | Lair:1   | Reached skill level 10 in Fighting
 11926 | Lair:1   | Reached skill level 11 in Shields
 11945 | Lair:1   | Reached ***** piety under Okawaru
 12183 | Lair:2   | Noticed an oklob plant
 12565 | Lair:2   | Killed an oklob plant
 12770 | Lair:2   | Reached skill level 10 in Armour
 12886 | Lair:2   | Found a transporter.
 12886 | Lair:2   | Found a transporter.
 13004 | Lair:2   | Noticed a catoblepas
 13030 | Lair:2   | Killed a catoblepas
 13266 | Lair:2   | Noticed Yneggeu's ghost (journeyman MiGl)
 13365 | Lair:2   | Identified the cursed +3 short sword of Cysinn {freeze,
                  | Str+4 Stlth+}
 14076 | Lair:3   | Reached XP level 12. HP: 100/108 MP: 10/13
 14153 | Lair:3   | Noticed a six-headed hydra
 14191 | Lair:3   | Killed a six-headed hydra
 14191 | Lair:3   | Received a gift from Okawaru
 14191 | Lair:3   | Reached skill level 12 in Shields
 14606 | Lair:3   | Found a hole to the Spider Nest.
 15397 | Lair:4   | Got a shimmering mace
 15573 | Lair:4   | Found a staircase to the Swamp.
 15653 | Lair:4   | Reached skill level 13 in Shields
 15835 | Lair:4   | Found a runed translucent gate.
 15836 | Lair:4   | Found a runed translucent gate.
 15836 | Lair:4   | Noticed a 13-headed hydra
 15837 | Lair:4   | Found a runed translucent gate.
 15837 | Lair:4   | Noticed Nyzic's ghost (journeyman TrMo)
 15837 | Lair:4   | Noticed a 12-headed hydra
 15837 | Lair:4   | Noticed a nine-headed hydra
 15960 | Lair:4   | Noticed Nergalle
 15968 | Lair:4   | Killed Nergalle
 16213 | Lair:4   | Noticed Rupert
 16236 | Lair:4   | Killed Rupert
 16261 | Lair:4   | Reached skill level 14 in Shields
 16640 | Lair:4   | Reached XP level 13. HP: 119/119 MP: 15/15
 17113 | Lair:5   | Noticed an entropy weaver
 17113 | Lair:5   | Noticed an entropy weaver
 17216 | Lair:5   | Received a gift from Okawaru
 17220 | Lair:5   | Slain by an entropy weaver

Illustrated notes

Levels and vault maps discovered:
D:1:      ebering_hopf_link, layout_basic, minmay_misc_feat_diagonals,
          serial_park_tiny_pond
D:2:      layout_basic, first_ration, uniq_natasha, uniq_terence
D:3:      layout_basic, minmay_vboxes
D:4:      layout_rooms, minmay_temple_entry_hall, uniq_crazy_yiuf_cottage,
          uniq_grinder
D:5:      layout_rooms, minmay_overflow_temple_star_quad,
          chequers_ossuary_entry_cave
D:6:      layout_basic, overflow_temple_1_default, kennysheep_slug_shrine,
          old_standard_altar, serial_co_window_serial, co_window_corner_a,
          co_window_corner_a, co_window_corner_a, co_window_corner_a,
          co_window_paths_a, co_window_of_opportunity_c, co_window_2corner,
          co_window_cross_4, co_window_broadway_c, co_window_4corner_a,
          co_window_paths_d, glass_columns_a, glass_columns_b, glass_columns_c,
          hangedman_feature_mirror, dk_xom_monty_hall
D:7:      layout_basic, grunt_ogre_cave, hangedman_decor_diamond_cutter
D:8:      layout_loops_corners, lemuel_crystal_altar, basic_altar, uniq_pikel,
          uniq_erica
D:9:      layout_basic, elyvilon_altar_3, evilmike_ruin_ashenzari,
          erik_lair_island, david_orc_4, enter_bailey_7,
          kennysheep_generic_room_8, uniq_psyche
Temple:   oiseaux_autumnal_temple
Lair:1:   layout_misc_corridors, beast_lair_carwin_10, infiniplex_staircase_pool
Lair:2:   layout_roguey, gammafunk_ghost_hive, chequers_serial_rivers_micro_b,
          grunt_megastairs_5, minmay_lair_oklob_chamber
Lair:3:   layout_hall_layers, nicolae_spider_entry_tight_spaces,
          serial_bayou_pond_c, minivault_24, serial_bayou_lagoon_a
Lair:4:   layout_long_grid, minmay_swamp_entry_swarm,
          gammafunk_ghost_hydra_chop, grunt_forest_stairs_clearing, uniq_rupert,
          uniq_nergalle
Lair:5:   layout_cellular_growth, dpeg_slime_entry_enclosed_altar,
          minmay_another_anthill

Skill      XL: |  1  2  3  4  5  6  7  8  9 10 11 12 |
---------------+-------------------------------------+-----
Fighting       | 4 5 6 9 11 12 | 12.9
Armour         | 4 5 6 8 9 10 11 | 11.9
Shields        | 4 5 6 7 8 10 11 14 | 14.5
Maces & Flails | 3 4 5 7 9 11 12 | 12.0
Dodging        | 1 2 3 4 |  4.0
Evocations     | 1 3 4 |  4.0
Invocations    | 2 3 |  3.9
Stealth        | |  0.5

Action                   |  1- 3 |  4- 6 |  7- 9 | 10-12 | 13-15 || total
-------------------------+-------+-------+-------+-------+-------++-------
Melee: Flail             |   107 |   190 |   483 |    62 |       ||   842
       Headbutt          |    17 |    26 |   106 |   176 |    32 ||   357
       Whip              |       |       |       |   297 |       ||   297
       Mace              |       |       |       |   376 |   122 ||   498
Invok: Heroism           |       |       |     6 |    46 |     7 ||    59
Evoke: Wand              |       |       |     2 |    49 |     5 ||    56
  Use: Scroll            |     2 |     4 |    10 |     8 |     1 ||    25
       Potion            |       |     1 |     1 |     2 |     2 ||     6
  Eat: Chunk             |     1 |     7 |    13 |    16 |       ||    37
       Ration            |       |       |     1 |     3 |     1 ||     5
Armor: Scale mail        |    46 |    51 |    94 |       |       ||   191
       Chain mail        |       |       |    38 |    13 |       ||    51
       Plate armour      |       |       |       |   156 |    12 ||   168
Dodge: Dodged            |    33 |    49 |   124 |   138 |    15 ||   359
Block: Kite shield       |    62 |   101 |   250 |   520 |    81 ||  1014
       Reflection        |       |       |       |     4 |       ||     4
